 Dungeon Crawl Stone Soup version 0.27-a0-1119-gbf574a6a6b (webtiles) character file.

Game seed: 15720662178301550811

725 Zeld the Shield-Bearer (level 7, -6/49 HPs)
             Began as an Octopode Fighter on May 2, 2021.
             Mangled by Pikel
             ... wielding a +0 whip of electrocution
              (10 damage)
             ... while paralysed by Pikel
             ... on level 6 of the Dungeon.
             The game lasted 00:04:44 (5537 turns).

Zeld the Shield-Bearer (Octopode Fighter)           Turns: 5537, Time: 00:04:45

Health: -6/49      AC:  1    Str: 18    XL:     7   Next: 71%
Magic:  7/7        EV:  2    Int: 10    God:
Gold:   207        SH:  0    Dex: 11    Spells: 6/6 levels left

rFire    . . .     SeeInvis .   a - +0 war axe
rCold    + . .     Faith    .   b - +0 kite shield
rNeg     . . .     Spirit   .   (helmet restricted)
rPois    .         Reflect  .   k - amulet of the acrobat
rElec    .         Harm     .   m - ring of protection from cold
rCorr    .         Rampage  .   (no ring)
Will     .....                  (no ring)
Stlth    ++........             (no ring)
HPRegen  0.16/turn              (no ring)
MPRegen  0.10/turn              (no ring)
                                (no ring)
                                (no ring)

@: paralysed
A: almost no armour, amphibious, 8 rings, camouflage 1, gelatinous body 1,
(nimble swimmer 1), tentacles
a: no special abilities


You were on level 6 of the Dungeon.
You visited 2 branches of the dungeon, and saw 7 of its levels.

You collected 207 gold pieces.

Inventory:

Hand Weapons
 a - a +0 war axe (weapon)
Missiles
 g - 3 javelins
 j - 9 poisoned darts (quivered)
Armour
 b - a +0 kite shield (worn)
Jewellery
 k - an amulet of the acrobat (around mantle)
 m - a ring of protection from cold (left tentacle)
Scrolls
 h - 2 scrolls of identify
 p - a scroll of teleportation
Potions
 c - a potion of mutation {unknown}
 d - a potion of flight {unknown}
 e - 3 potions of curing {unknown}
 f - 2 potions of haste {unknown}
 n - a potion of lignification {unknown}
 o - a potion of ambrosia {unknown}
 q - 2 potions of cancellation {unknown}


   Skills:
 - Level 4.7 Fighting
 + Level 4.9 Axes
 * Level 3.3 Throwing
 - Level 3.0 Dodging
 + Level 5.3 Shields


You had 6 spell levels left.
You didn't know any spells.
Your spell library contained the following spells:

 Spells                   Type           Power      Damage    Failure   Level
 Magic Dart               Conj           0%         1d3       78%         1
 Sting                    Tmut/Pois      0%         1d3       78%         1
 Poisonous Vapours        Pois/Air       0%         N/A       89%         2
 Searing Ray              Conj           0%         3d3       89%         2
 Dazzling Flash           Conj/Hex       0%         N/A       98%         3
 Ignite Poison            Fire/Tmut/Pois 0%         N/A       98%         3
 Mephitic Cloud           Conj/Pois/Air  0%         N/A       98%         3
 Fulminant Prism          Conj/Hex       0%         3d6       100%        4
 Iskenderun's Mystic Bla  Conj/Tloc      0%         2d3       100%        4
 Olgreb's Toxic Radiance  Pois           0%         N/A       100%        4
 Bolt of Magma            Conj/Fire/Erth 0%         4d4       100%        5
 Iskenderun's Battlesphe  Conj           0%         2d6       100%        5
 Iron Shot                Conj/Erth      0%         9d1       100%        6
 Orb of Destruction       Conj           0%         N/A       100%        7
 Spellforged Servitor     Conj/Summ      0%         N/A       100%        7


Dungeon Overview and Level Annotations

Branches:
Dungeon (6/15)             Temple (1/1) D:5

Altars:
Ashenzari
Dithmenos
Fedhas
Gozag
Hepliaklqana
Kikubaaqudgha
Makhleb
Nemelex Xobeh
Qazlal
Sif Muna
Trog
Uskayaw
Xom
Yredelemnul
Zin
The Shining One

Annotations:
D:2 Sigmund
D:6 Pikel


Innate Abilities, Weirdness & Mutations

You cannot wear most types of armour.
You are amphibious.
You can wear up to eight rings at the same time.
Your skin changes colour to match your surroundings (Stealth+).
Your rubbery body absorbs attacks. (AC +1, EV +1)
((You are camouflaged near water. (Stealth+)))
You have tentacles for arms and can constrict up to eight enemies at once.


Message History

You block the lemure's attack.
Pikel zaps a wand.
You resist with some effort.
Throw: 12 darts (poison)
Press: ? - help, Q - select action, (/) - cycle Shift-Dir - straight line, f - Pikel
Aim: Pikel, wielding a +0 whip of electrocution, wearing a +0 robe and carrying a wand of paralysis (5) (51% to hit)
You throw a poisoned dart. The poisoned dart closely misses Pikel.
The poisoned dart hits the lemure.
The lemure is poisoned.
Throw: 11 darts (poison)
Press: ? - help, Q - select action, (/) - cycle Shift-Dir - straight line, f/p - Pikel
Aim: Pikel, wielding a +0 whip of electrocution, wearing a +0 robe and carrying a wand of paralysis (5) (51% to hit)
You throw a poisoned dart. The poisoned dart hits Pikel.
Pikel is poisoned.
Pikel zaps a wand.
You resist with some effort.
Throw: 10 darts (poison)
Press: ? - help, Q - select action, (/) - cycle Shift-Dir - straight line, f/p - Pikel
Aim: Pikel, wielding a +0 whip of electrocution, wearing a +0 robe and carrying a wand of paralysis (4) (poisoned, 51% to hit)
You throw a poisoned dart. The poisoned dart closely misses Pikel.
Unknown command.
You barely miss the lemure. Your grab misses the lemure.
The lemure is lightly wounded.
You hit Pikel.
Pikel zaps a wand.
You resist with some effort. The lemure closely misses you.
You barely miss Pikel. Your grab misses Pikel. You squeeze Pikel.
Pikel is lightly wounded.
You hit the lemure but do no damage.
The lemure looks more healthy.
Pikel hits you with a +0 whip of electrocution!
You block the lemure's attack.
Pikel hits you with a +0 whip of electrocution!
The lemure hits you.
* * * LOW HITPOINT WARNING * * *
You are too injured to fight recklessly!
You are too injured to fight recklessly!
A lemure and a skeleton come into view.
Pikel zaps a wand.
You suddenly lose the ability to move!
The bullfrog skeleton moves out of view.
Pikel looks more healthy.
Pikel hits you with a +0 whip of electrocution!
* * * LOW HITPOINT WARNING * * *
Pikel hits you with a +0 whip of electrocution!
You die...

... +..... #.# #.....
#.# #.(... #.###.....
#######+#.#.......
######.........#.###...
+..............#.# #...
#####.5K..(..((#.# #...
#.@#####+#.#'###...
##.5.Z........##...
#..##........##...
...##........#
.#.##........# ..
..#........# ..
..+........# ...
#.#........# ..........


You could see Pikel, 2 lemures and a bullfrog skeleton.

Vanquished Creatures
  Edmund (D:4)
  A water moccasin (D:5)
  2 lemures (D:6)
  A scorpion (D:4)
  A water moccasin zombie (D:5)
  A wyvern skeleton (D:5)
  A centaur skeleton (D:4)
  A hound (D:5)
  A jelly (D:4)
  An iguana (D:5)
  Terence (D:3)
  A hound zombie (D:5)
  9 adders
  4 gnolls (D:3)
  A howler monkey skeleton (D:5)
  2 worms
  2 dart slugs (D:2)
  5 orcs
  2 ball pythons
  3 endoplasms
  3 giant cockroaches
  3 hobgoblins
  2 jackals (D:1)
  5 quokkas
  2 bats
  2 frilled lizards (D:1)
  4 goblins
  2 kobolds
  7 rats
71 creatures vanquished.

Vanquished Creatures (others)
  2 plants (D:3)
2 creatures vanquished.

Grand Total: 73 creatures vanquished

Notes
Turn   | Place    | Note
-------+----------+-------------------------------------------
     0 | D:1      | Zeld the Octopode Fighter began the quest for the Orb.
     0 | D:1      | Reached XP level 1. HP: 16/16 MP: 1/1
   243 | D:3      | Reached XP level 2. HP: 16/21 MP: 2/2
   375 | D:3      | Reached XP level 3. HP: 22/26 MP: 3/3
   779 | D:3      | Noticed Terence
   804 | D:3      | You fall into a shaft and drop 1 floor!
   817 | D:4      | Reached XP level 4. HP: 15/33 MP: 4/4
  1141 | D:4      | Reached skill level 4 in Shields
  1141 | D:4      | Reached XP level 5. HP: 28/37 MP: 5/5
  1355 | D:4      | Noticed Edmund
  1364 | D:4      | Killed Edmund
  1365 | D:4      | Reached XP level 6. HP: 42/44 MP: 6/6
  1879 | D:5      | Entered Level 5 of the Dungeon
  2105 | D:5      | Reached skill level 1 in Throwing
  2369 | D:5      | Reached XP level 7. HP: 42/49 MP: 7/7
  2486 | D:5      | Found a staircase to the Ecumenical Temple.
  2595 | Temple   | Entered the Ecumenical Temple
  2970 | D:3      | Reached skill level 5 in Shields
  3755 | D:2      | Noticed Sigmund
  4433 | D:3      | Killed Terence
  4599 | D:3      | Found a faded altar of an unknown god.
  5492 | D:6      | Noticed Pikel
  5533 | D:6      | Paralysed by Pikel for 5 turns
  5537 | D:6      | Mangled by Pikel

Illustrated notes

Levels and vault maps discovered:
D:1:      amcnicky_arrival_double_pillar, layout_rooms
D:2:      layout_loops_ring, uniq_sigmund
D:3:      layout_loops_ring, chequers_ecumenical_altar_lobes, uniq_terence
D:4:      layout_basic, due_unseen_surprise, uniq_edmund
D:5:      layout_loops_corners, temple_doors_e, minivault_23,
          hangedman_abyss_or_decor_passed
D:6:      layout_basic, uniq_pikel
Temple:   eino_temple_rhombus

Skill      XL: |  1  2  3  4  5  6  7 |
---------------+----------------------+-----
Axes           | 3 4 |  4.9
Fighting       | 4 |  4.7
Shields        | 4 5 |  5.3
Throwing       | 1 3 |  3.3
Dodging        | |  3.0

Action                   |  1- 3 |  4- 6 |  7- 9 || total
-------------------------+-------+-------+-------++-------
Melee: War axe           |    23 |    47 |    71 ||   141
       Constrict         |     6 |    11 |    14 ||    31
       Tentacles         |     6 |     5 |    17 ||    28
Throw: Dart              |       |     1 |     3 ||     4
  Use: Potion            |       |     1 |       ||     1
       Scroll            |       |       |     4 ||     4
 Stab: Sleeping          |     1 |     2 |     6 ||     9
Armor: Skin              |       |     3 |     2 ||     5
Dodge: Dodged            |     6 |    17 |    29 ||    52
Block: Kite shield       |    16 |    22 |    22 ||    60

Table legend: (Time is in decaauts)
 A = Elapsed time spent in this place.
 B = Non-inter-level travel time spent in this place.
 C = Inter-level travel time spent in this place.
 D = Time resting spent in this place.
 E = Time spent auto-exploring this place.
 F = Levels seen in this place.
 G = Mean time per level.
                   A        B        C        D        E       F      G
               +--------+--------+--------+--------+--------+-----+--------+
         Total |   5614 |   5203 |    411 |    638 |   3895 |   7 |  802.0 |
       Dungeon |   5392 |   5001 |    391 |    638 |   3694 |   6 |  898.7 |
        Temple |    222 |    202 |     20 |      0 |    201 |   1 |  222.0 |
               +--------+--------+--------+--------+--------+-----+--------+

Top non-repeatable levels by time:
     D:5: 1464 daAuts
     D:3: 1214 daAuts
     D:4: 1129 daAuts
     D:2: 855 daAuts
     D:1: 600 daAuts
  Temple: 222 daAuts
     D:6: 128 daAuts
